Map: Vallée des cactus EC

Players

GrossBaff

  • Race: Zerg Zerg

AgCl - Winner!

  • Race: Protoss Protoss

VOD

Have the link to the VOD?

Description

Time

  • Played on: May 22, 2015, 3:51 p.m.
  • Length: 8:48
Show
View Real Time Build Order
Export as new Build Order

GrossBaff Zerg 

Build Orders: Hatch First 

Get SALT Encoding   

  12  0:01  Drone  
  13  0:08  Drone  
  14  0:36  Hatchery  
  14  0:37  Drone  
  14  0:44  Drone, Extractor  
  14  1:00  Spawning Pool  
  14  1:03  Drone  
  14  1:12  Overlord  
  14  1:31  Drone x3  
  17  1:44  Drone  
  18  1:48  Queen  
  20  1:56  Metabolic Boost  
  20  2:07  Baneling Nest  
  19  2:08  Drone  
  19  2:12  Drone  
  21  2:16  Drone  
  21  2:19  Drone  
  23  2:24  Drone  
  24  2:35  Zergling x6  
  27  2:39  Zergling x2  
  28  2:44  Overlord  
  28  3:02  Drone x2  
  28  3:03  Drone x4  
  28  3:04  Drone  
  34  3:40  Drone x2  
  35  3:41  Overlord x2  
  33  3:56  Roach Warren  
  33  3:58  Drone x4  
  33  4:00  Overlord, Drone  
  37  4:07  Hatchery  
  37  4:09  Drone x2  
  38  4:30  Queen x2  
  30  4:38  Spore Crawler  
  30  4:43  Spore Crawler  
  27  4:54  Drone x2  
  27  4:55  Drone x2  
  27  4:56  Roach x4  
  27  4:59  Roach  
  41  5:03  Drone  
  41  5:06  Drone  
  43  5:16  Roach  
  43  5:20  Lair  
  45  5:30  Roach x3  
  45  5:34  Queen  
  53  5:37  Roach  
  53  5:38  Roach  
  53  5:41  Drone  
  58  5:48  Spore Crawler  
  57  5:52  Spore Crawler  
  56  5:57  Spore Crawler  
  56  5:58  Spore Crawler  
  56  5:59  Spore Crawler  
  52  6:09  Roach  
  52  6:10  Roach x3  
  60  6:12  Roach  
  58  6:29  Queen x2  
  60  6:33  Drone x3  
  45  6:56  Hydralisk Den, Extractor  
  45  6:59  Drone x3, Extractor  
  45  7:00  Drone x5  
  50  7:01  Drone, Extractor  
  44  7:15  Drone x3  
  43  7:23  Overseer  
  43  7:34  Hydralisk  
  45  7:39  Hydralisk  
  47  7:53  Hatchery  
  47  7:56  Overlord x2  
  46  8:02  Hydralisk  
  46  8:03  Hydralisk x3  
Show
View Real Time Build Order
Export as new Build Order

AgCl Protoss - Winner!

Build Orders: Oracle Opening, Oracle Opening 

Get SALT Encoding   

  12  0:03  Probe  
  13  0:15  Probe  
  14  0:27  Pylon  
  14  0:36  Assimilator  
  14  0:45  Probe  
  15  0:57  Probe  
  15  1:00  Gateway  
  16  1:09  Probe  
  17  1:22  Probe (Chrono Boost)  
  18  1:31  Probe (Chrono Boost)  
  19  1:37  Assimilator  
  19  1:39  Probe  
  20  1:51  Probe  
  20  1:52  Cybernetics Core  
  21  2:03  Probe (Chrono Boost)  
  22  2:17  Nexus  
  22  2:20  Pylon  
  22  2:39  Mothership Core (Chrono Boost), Stargate  
  24  2:54  Probe (Chrono Boost)  
  24  2:55  Warp Gate  
  25  3:05  Probe (Chrono Boost)  
  27  3:13  Probe (Chrono Boost)  
  27  3:22  Probe  
  27  3:25  Pylon  
  28  3:30  Oracle (Chrono Boost)  
  30  3:34  Probe  
  30  3:46  Probe (Chrono Boost)  
  30  3:49  Sentry (Chrono Boost)  
  33  4:00  Probe (Chrono Boost)  
  33  4:01  Probe (Chrono Boost)  
  34  4:07  Probe (Chrono Boost)  
  36  4:10  Probe (Chrono Boost)  
  37  4:17  Probe (Chrono Boost)  
  37  4:23  Probe (Chrono Boost)  
  38  4:26  Probe (Chrono Boost)  
  38  4:29  Pylon  
  38  4:30  Void Ray (Chrono Boost)  
  43  4:47  Probe (Chrono Boost)  
  43  4:52  Probe (Chrono Boost)  
  45  4:54  Gateway  
  45  4:56  Probe (Chrono Boost)  
  45  4:58  Gateway  
  45  4:59  Probe (Chrono Boost), Assimilator  
  47  5:04  Probe  
  48  5:11  Probe  
  49  5:16  Probe  
  50  5:22  Pylon  
  50  5:23  Probe  
  50  5:27  Fleet Beacon  
  50  5:28  Probe  
  52  5:39  Probe  
  52  5:41  Assimilator  
  53  5:45  Probe  
  54  5:51  Probe  
  54  5:55  Pylon  
  55  6:00  Probe  
  55  6:02  Void Ray (Chrono Boost)  
  60  6:08  Stalker  
  62  6:12  Probe  
  63  6:22  Stalker  
  63  6:23  Stalker  
  64  6:36  Carrier (Chrono Boost)  
  62  6:41  Zealot  
  60  6:49  Probe  
  61  6:56  Probe  
  68  7:04  Forge  
  68  7:06  Probe  
  68  7:07  Pylon  
  68  7:08  Cybernetics Core  
  69  7:14  Probe  
  70  7:16  Nexus  
  70  7:20  Pylon  
  70  7:23  Assimilator x2  
  70  7:27  Probe  
  71  7:30  Probe  
  71  7:32  Graviton Catapult  
  72  7:38  Pylon  
  72  7:39  Probe  
  72  7:41  Pylon  
  72  7:42  Probe  
  74  7:48  Stalker  
  74  7:51  Photon Cannon  
  76  7:54  Pylon  
  76  8:04  Zealot x2  
  86  8:25  Pylon  
  86  8:26  Stargate  
Tags
 
Add a new tag
Caveats
  • Supply blocks, unpowered buildings, or Contaminate may cause inaccurate times.
  • Supply counts are checked every 10 seconds.